Map: Deathaura LE

Players

Infernox

  • Race: Terran Terran
  • Spawn Location: 5:00

A.I. 1 (Very Easy) - Winner!

  • Race: Terran Terran
  • Spawn Location: 11:00

VOD

Have the link to the VOD?

Description

Time

  • Played on: Aug. 23, 2020, 8:37 a.m.
  • Length: 9:56
Show
View Real Time Build Order
Export as new Build Order

Infernox Terran 

Build Orders:  

Get SALT Encoding   

  12  0:00  SCV  
  13  0:12  SCV  
  14  0:16  Supply Depot  
  14  0:24  SCV  
  15  0:38  SCV  
  15  0:39  Barracks  
  16  0:43  Refinery  
  16  0:50  SCV  
  17  1:02  SCV  
  18  1:14  SCV  
  19  1:27  Barracks Reactor, Orbital Command  
  19  1:41  Command Center  
  19  1:49  Supply Depot  
  19  1:53  SCV  
  20  2:03  Marine x2  
  20  2:05  SCV  
  23  2:12  Factory  
  23  2:17  SCV  
  23  2:20  Refinery  
  24  2:25  Marine x2  
  26  2:30  SCV  
  27  2:42  SCV  
  27  2:43  Marine x2  
  30  2:53  Orbital Command  
  30  2:56  Starport, Factory Reactor  
  30  3:00  SCV  
  30  3:04  Marine x2  
  33  3:12  Barracks  
  33  3:14  SCV  
  34  3:20  SCV  
  34  3:23  Marine x2  
  37  3:28  Supply Depot  
  37  3:30  SCV  
  38  3:36  SCV  
  38  3:40  Medivac x2  
  43  3:44  SCV, Refinery  
  43  3:48  Marine x2  
  45  3:50  SCV  
  45  3:54  Supply Depot  
  47  3:59  SCV  
  47  4:01  Widow Mine  
  47  4:02  Barracks Tech Lab  
  50  4:07  Fusion Core  
  50  4:09  SCV  
  51  4:14  Marine x2  
  51  4:17  Supply Depot  
  53  4:19  SCV  
  53  4:24  SCV  
  55  4:25  Stimpack  
  55  4:28  Starport Tech Lab  
  55  4:31  SCV  
  56  4:36  SCV  
  57  4:39  Hellion x2  
  57  4:41  Supply Depot  
  57  4:43  SCV  
  62  4:48  SCV  
  63  4:55  SCV  
  64  5:00  Hellion x2  
  64  5:03  Battlecruiser  
  64  5:06  Supply Depot  
  74  5:09  SCV  
  74  5:10  Supply Depot  
  76  5:14  SCV  
  76  5:21  Hellion  
  76  5:28  SCV, Hellion  
  81  5:36  Engineering Bay x2  
  81  5:38  SCV  
  81  5:39  Marine x2  
  81  5:42  Marine, Refinery  
  85  5:45  SCV  
  85  5:48  Supply Depot  
  86  5:50  SCV  
  86  5:52  Supply Depot  
  87  5:58  SCV  
  87  6:02  Terran Infantry Weapons Level 1, Terran Infantry Armor Level 1  
  87  6:03  SCV, Barracks  
  89  6:08  Combat Shield  
  89  6:09  Barracks  
  89  6:10  SCV  
  90  6:15  SCV  
  91  6:22  SCV  
  91  6:25  Command Center  
  92  6:27  SCV  
  92  6:30  Starport Reactor  
  92  6:31  Supply Depot  
  92  6:32  Supply Depot  
  93  6:34  SCV  
  93  6:38  Siege Tank  
  93  6:39  SCV, Marine x2  
  98  6:40  Marine  
  98  6:46  SCV  
  102  6:51  SCV  
  102  6:52  Marine x2  
  105  6:57  Marine x2, Supply Depot  
  105  6:58  Marine  
  105  7:00  Barracks Reactor, Supply Depot  
  108  7:01  Barracks  
  108  7:04  Barracks  
  108  7:06  SCV x2  
  110  7:14  Marine x2  
  110  7:15  Marine x2  
  112  7:17  Siege Tank  
  112  7:18  SCV x2, Medivac x2  
  123  7:29  Armory  
  123  7:30  Concussive Shells  
  123  7:32  Marine, Marauder  
  123  7:33  SCV  
  123  7:36  Orbital Command  
  128  7:38  Supply Depot  
  127  7:50  Refinery, Barracks  
  127  7:52  Refinery, Supply Depot  
  127  7:53  Barracks  
  127  7:54  Marauder, Supply Depot  
  129  7:59  Barracks Tech Lab  
  129  8:00  Barracks Reactor  
  129  8:02  Marine x3  
  129  8:05  Siege Tank  
  135  8:10  Supply Depot  
  135  8:15  Marauder  
  137  8:27  SCV x3  
  137  8:30  Marine x5  
  137  8:31  Marauder  
  147  8:36  Marauder  
  147  8:39  SCV x3  
  152  8:41  Barracks Reactor, Barracks Tech Lab  
  152  8:49  Marine x7  
  152  8:51  SCV  
  152  8:52  SCV, Marauder  
  163  8:56  Supply Depot x2  
  163  8:58  Marine, Marauder  
  166  9:06  Marine x2  
  166  9:07  Marine x2  
  170  9:13  Marauder  
  172  9:20  Marine x2  
  172  9:21  Marauder x2  
  181  9:31  Refinery  
  181  9:32  Command Center  
  181  9:35  Marauder, Refinery  
Show
View Real Time Build Order
Export as new Build Order

A.I. 1 (Very Easy) Terran - Winner!

Build Orders: Reaper Expand 

Get SALT Encoding   

  12  0:00  SCV  
  13  0:13  SCV  
  14  0:19  Supply Depot  
  14  0:43  Barracks  
  14  1:02  Command Center  
  14  1:30  Supply Depot, Orbital Command  
  14  1:31  Marine  
  15  1:35  Refinery  
  15  1:48  Refinery  
  15  1:55  SCV  
  16  2:07  SCV  
  17  2:14  SCV  
  17  2:15  Reaper  
  19  2:21  SCV  
  20  2:28  SCV  
  21  2:35  SCV  
  22  2:43  SCV  
  23  2:44  Refinery  
  23  2:50  SCV  
  24  2:56  Marine  
  24  2:57  SCV  
  26  3:04  SCV  
  27  3:11  Factory  
  27  3:12  SCV  
  27  3:35  Refinery  
  27  3:36  Marine  
  27  3:37  SCV  
  29  3:44  SCV  
  30  3:51  SCV  
  31  3:58  SCV, Starport  
  31  4:02  Supply Depot  
  32  4:05  SCV  
  33  4:13  SCV  
  34  4:17  Reaper  
  34  4:20  SCV  
  36  4:27  SCV  
  37  4:34  SCV  
  37  4:36  Starport Tech Lab  
  38  4:41  SCV  
  38  4:44  Supply Depot  
  39  4:48  SCV  
  39  4:50  Barracks Tech Lab  
  40  4:56  SCV, Raven  
  43  5:03  SCV  
  44  5:08  Marine  
  44  5:10  SCV  
  46  5:17  SCV  
  47  5:24  SCV  
  48  5:39  Raven  
  50  5:49  Marine  
  51  6:06  SCV  
  51  6:30  Marauder  
  53  7:42  SCV  
Tags
 
Matchup
TvT
Race
Terran
Spawn Locations
Cross Positions
Add a new tag
Caveats
  • Supply blocks, unpowered buildings, or Contaminate may cause inaccurate times.
  • Supply counts are checked every 10 seconds.